 Dungeon Crawl Stone Soup version 0.24.0-35-gdb84b6a5db (webtiles) character file.

Game seed: 3130531727764669741, levelgen mode: deterministic

79 Delamore the Chopper (level 4, -1/39 HPs)
             Began as a Hill Orc Fighter on Nov 20, 2019.
             Killed from afar by Sigmund (10 damage)
             ... with a magic dart
             ... on level 2 of the Dungeon.
             The game lasted 00:01:20 (1538 turns).

Delamore the Chopper (Hill Orc Fighter)             Turns: 1538, Time: 00:01:21

Health: -1/39      AC: 10    Str: 19    XL:     4   Next: 37%
Magic:  4/4        EV:  7    Int:  8    God:
Gold:   154        SH:  9    Dex: 10    Spells: 3/3 levels left

rFire    . . .     SeeInvis .   a - +0 war axe
rCold    . . .     Gourm    .   c - +0 shield
rNeg     . . .     Faith    .   b - +0 scale mail
rPois    .         Spirit   .   g - +2 hat
rElec    .         Reflect  .   h - +0 cloak (curse)
rCorr    .         Harm     .   (no gloves)
MR       .....                  (no boots)
Stlth    ..........             (no amulet)
HPRegen  0.13/turn              (no ring)
MPRegen  0.09/turn              (no ring)

@: no status effects
A: no striking features
a: no special abilities


You were on level 2 of the Dungeon.
You were not hungry.

You visited 1 branch of the dungeon, and saw 2 of its levels.

You collected 154 gold pieces.

Inventory:

Hand Weapons
 a - a +0 war axe (weapon)
Armour
 b - a +0 scale mail (worn)
 c - a +0 shield (worn)
 g - a +2 hat (worn)
 h - a cursed +0 cloak (worn)
Scrolls
 e - 2 scrolls of teleportation {unknown}
 i - a scroll of identify {unknown}
 j - a scroll of amnesia {unknown}
 m - a scroll of remove curse {unknown}
Potions
 d - a potion of might
 l - a potion of flight {unknown}
 n - a potion of heal wounds {unknown}
Comestibles
 f - 3 rations


   Skills:
 - Level 3.6 Fighting
 + Level 6.0 Axes
 - Level 3.2 Armour
 - Level 3.2 Shields


You had 3 spell levels left.
You didn't know any spells.
Your spell library was empty.

Dungeon Overview and Level Annotations

Branches:
Dungeon (2/15)

Altars:
Ru

Annotations:
D:2 Sigmund


Message History

You barely miss something. You barely miss something.
You hear some strange, mumbled words.
A puff of flame appears from out of thin air!
The puff of flame hits you but does no damage.
You hear some strange, mumbled words.
A puff of flame appears from out of thin air!
The puff of flame hits you!
You miss something. Something hits you but does no damage.
You miss something. Something hits you but does no damage.
You closely miss something.
Your shield and scale mail prevent you from hitting something.
Something hits you!
You miss something. Something hits you!
* * * LOW HITPOINT WARNING * * *
You hit something.
You hear some strange, mumbled words.
A magic dart appears from out of thin air!
The magic dart hits you!
You die...

..##.....#. .# #.#........ ..#
..#..#..... #.. .†......... #.#
.......#.# # #.##### ###
#...##.#.#.######.....#####....
...................!..........
##.####.##.#####.......#..#..
...........# #@.#.......#
.##......### #{.#.##.##.#
....###)..# #..#.##....# ###.#
#.#.# #.....#.########.# # ###
#.#.# #.##..#..........# #
#(#.## #.##..####...##### #####
#.#..# #.##.....#.#...... ....#
#.##.# #.##.##.##.#.##### ....#
#.##.#####.##.##)##.### #


There were no monsters in sight!

Vanquished Creatures
  A gnoll (D:1)
  2 adders (D:2)
  An ooze (D:1)
  2 dart slugs (D:2)
  2 leopard geckos
  A giant cockroach (D:1)
  3 goblins
  5 hobgoblins
  3 jackals (D:2)
  8 kobolds
  A quokka (D:2)
  8 bats
  2 rats (D:2)
39 creatures vanquished.

Notes
Turn   | Place    | Note
-------+----------+-------------------------------------------
     0 | D:1      | Delamore the Hill Orc Fighter began the quest for the Orb.
     0 | D:1      | Reached XP level 1. HP: 19/19 MP: 1/1
    11 | D:1      | Reached skill level 3 in Axes
    71 | D:1      | Reached XP level 2. HP: 26/26 MP: 2/2
   179 | D:1      | Reached skill level 4 in Axes
   667 | D:1      | Reached XP level 3. HP: 31/31 MP: 3/3
  1197 | D:2      | Reached skill level 5 in Axes
  1309 | D:2      | Reached XP level 4. HP: 33/39 MP: 4/4
  1456 | D:2      | Reached skill level 6 in Axes
  1479 | D:2      | Found a sacrificial altar of Ru.
  1515 | D:2      | Noticed Sigmund
  1538 | D:2      | Killed from afar by Sigmund

Levels and vault maps discovered:
D:1:      lemuel_arrival_broad_hall, layout_basic
D:2:      layout_basic, nicolae_ru_path_of_blood, uniq_sigmund, uniq_natasha

Skill      XL: |  1  2  3  4 |
---------------+-------------+-----
Axes           | 3 4 5 6 |  6.0
Fighting       | |  3.6
Armour         | |  3.2
Shields        | |  3.2

Action                   |  1- 3 |  4- 6 || total
-------------------------+-------+-------++-------
Melee: War axe           |    78 |    52 ||   130
  Eat: Chunk             |     1 |     1 ||     2
Armor: Scale mail        |    42 |    27 ||    69
Dodge: Dodged            |    22 |     9 ||    31
Block: Shield            |    35 |    29 ||    64
